 Dungeon Sprint DCSS version 0.20.1-1-g8b1a95d (console) character file.

8915 hilaritas the Peltast (level 11, 0/105 HPs)
             Began as a Minotaur Fighter on Sept 20, 2017.
             Was a Believer of Uskayaw.
             Slain by an orc knight
             ... wielding a +0 battleaxe
              (22 damage)
             ... in the Dungeon (Sprint IX: "|||||||||||||||||||||||||||||").
             The game lasted 00:06:18 (1937 turns).

hilaritas the Peltast (Minotaur Fighter)            Turns: 1937, Time: 00:06:19

Health: 0/105      AC: 14    Str: 28    XL:     11   Next: 16%
Magic:  9/19       EV: 14    Int:  6    God:    Uskayaw [**....]
Gold:   666        SH: 14    Dex: 10    Spells: 8/10 levels left

rFire    . . .     SeeInvis .   r - +2 scimitar (slice)
rCold    . . .     Gourm    .   c - +0 shield
rNeg     . . .     Faith    .   s - +1 chain mail
rPois    +         Spirit   .   (helmet restricted)
rElec    .         Reflect  .   C - +0 cloak
rCorr    .         Harm     .   (no gloves)
MR       .....     NoTele   +   (no boots)
Stlth    ..........             (no amulet)
Regen    0.3/turn               b - +2 ring of evasion
MPRegen  0.2/turn               v - ring of poison resistance

@: mighty
A: retaliatory headbutt, horns 2
a: Stomp, Line Pass, Renounce Religion


You were in the Dungeon.
You worshipped Uskayaw.
Uskayaw was pleased with you.
You were very hungry.

You visited 1 branch You collected 666 gold pieces.

Inventory:

Hand Weapons
 q - a +2 rapier of draining
 r - a +2 scimitar of slicing (weapon)
 u - a +2 dagger of speed
Armour
 a - a +0 pair of boots
 c - a +0 shield (worn)
 s - a +1 chain mail (worn)
 C - a +0 cloak (worn)
Jewellery
 b - a +2 ring of evasion (left hand)
 t - a +3 ring of intelligence
 v - a ring of poison resistance (right hand)
Wands
 p - a wand of lightning (7/15)
 z - a wand of paralysis (5/24)
Scrolls
 k - 2 scrolls of blinking
 n - 7 scrolls of remove curse
 o - 2 scrolls of amnesia
 w - a scroll of recharging
 x - 2 scrolls of enchant armour
 y - a scroll of magic mapping
Potions
 d - a potion of might
 e - 6 potions of curing
 h - 2 potions of haste
 i - 4 potions of magic
 j - a potion of brilliance
 m - a potion of invisibility
Books
 l - a book of Minor Magic

   Spells                             Type                      Level
   a - Magic Dart                     Conjuration                  1
   b - Blink                          Translocation                2
   c - Call Imp                       Summoning                    2
   d - Slow                           Hexes                        2
   e - Conjure Flame                  Conjuration/Fire             3
   f - Mephitic Cloud                 Conjuration/Poison/Air       3
Comestibles
 f - 13 bread rations
 A - 40 fruits
 B - 12 meat rations
 D - a chunk of flesh


   Skills:
 + Level 12.6 Fighting
 * Level 13.7 Long Blades
 - Level 11.2 Armour
 - Level 8.9 Dodging
 - Level 15.0 Shields
 - Level 12.2 Invocations
 - Level 7.7 Evocations


You had 8 spell levels left.
You knew the following spells:

 Your Spells              Type           Power        Failure   Level  Hunger
a - Blink                 Tloc           N/A          97%         2    ###....


Dungeon Overview and Level Annotations

Branches:
Dungeon (1/1)

Altars:
Cheibriados
Dithmenos
Elyvilon
Fedhas
Gozag
Hepliaklqana
Kikubaaqudgha
Makhleb
Nemelex Xobeh
Okawaru
Qazlal
Ru
Sif Muna
Trog
Uskayaw
Vehumet
Xom
Yredelemnul
Zin
The Shining One
Beogh
Jiyva
Lugonu


Innate Abilities, Weirdness & Mutations

You reflexively headbutt those who attack you in melee.
You have a pair of horns on your head.


Message History

The orc warrior closely misses you. You furiously retaliate!
You headbutt the orc warrior, but do no damage.
You slash the orc knight!
The orc knight is severely wounded.
The orc warrior is no longer sharing its pain.
The orc knight is no longer sharing its pain.
The orc knight hits you with a battleaxe!
* * * LOW HITPOINT WARNING * * *
You block the orc warrior's attack.
You slash the orc knight!
The orc knight is almost dead.
You can now pass through a line of other dancers.
You feel very mighty all of a sudden.
The orc warrior is no longer sharing its pain.
The orc knight barely misses you. You block the orc warrior's attack.
You hit the orc knight but do no damage.
Your headbutt misses the orc knight.
The orc knight is almost dead.
The orc knight hits you with a battleaxe!!
You die...

▓▓▓▓▓▓▓▓▓▓▓▓▓▓▓▓▓▓▓▓
).....')))))$ooo@o.+
▓▓▓▓▓▓▓▓▓▓▓▓▓▓▓▓▓▓▓▓▓▓▓▓▓▓▓▓▓▓▓▓▓
.............).(.(...............
▓▓▓▓▓▓▓▓▓▓▓▓▓▓▓▓▓▓▓▓▓▓▓▓▓▓▓▓▓▓▓▓▓
÷.........†††.......†.†..........
▓▓▓▓▓▓▓▓▓▓▓▓▓▓▓▓▓▓▓▓▓▓▓▓▓▓▓▓▓▓▓▓▓
.................................
▓▓▓▓▓▓▓▓▓▓▓▓▓▓▓▓▓▓▓▓▓▓▓▓▓▓▓▓▓▓▓▓▓
_______________.____'..|)[.[..'[)
▓▓▓▓▓▓▓▓▓▓▓▓▓▓▓▓▓▓▓▓▓▓▓▓▓▓▓▓▓▓▓▓▓


You could see an orc knight and 3 orc warriors.

Vanquished Creatures
  A hydra (D)
  2 orc high priests (D)
  2 orc knights (D)
  An ugly thing (D)
  Joseph (D)
  A black mamba (D)
  2 spiny frogs (D)
  A gargoyle (D)
  7 polar bears (D)
  A blink frog (D)
  A hippogriff (D)
  A wyvern (D)
  A yak (D)
  4 porcupines (D)
  A soldier ant (D)
  8 orc warriors (D)
  2 black bears (D)
  2 wolves (D)
  An ogre (D)
  A crocodile (D)
  3 bullfrogs (D)
  A hound (D)
  An orc priest (D)
  An iguana (D)
  6 orc wizards (D)
  A worker ant (D)
  A shadow imp (D)
  An adder skeleton (D)
  4 orcs (D)
  A bat (D)
  A bat skeleton (D)
  2 bat zombies (D)
  A giant cockroach (D)
  A goblin (D)
  2 hobgoblins (D)
  A quokka (D)
  A giant cockroach zombie (D)
70 creatures vanquished.

Notes
Turn   | Place    | Note
-------+----------+-------------------------------------------
     0 | D        | hilaritas the Minotaur Fighter began the quest for the Orb.
     0 | D        | Reached XP level 1. HP: 19/19 MP: 0/0
    25 | D        | Reached skill level 5 in Long Blades
   135 | D        | Noticed an iguana
   135 | D        | Noticed a worker ant
   138 | D        | Reached XP level 2. HP: 26/26 MP: 1/1
   141 | D        | Reached XP level 3. HP: 19/31 MP: 2/2
   264 | D        | Found a roughly hewn altar of Beogh.
   264 | D        | Found a snail-covered altar of Cheibriados.
   264 | D        | Found a shadowy altar of Dithmenos.
   264 | D        | Found a white marble altar of Elyvilon.
   264 | D        | Found a blossoming altar of Fedhas.
   264 | D        | Found an opulent altar of Gozag.
   265 | D        | Found a hazy altar of Hepliaklqana.
   266 | D        | Found a viscous altar of Jiyva.
   267 | D        | Found an ancient bone altar of Kikubaaqudgha.
   268 | D        | Found a corrupted altar of Lugonu.
   269 | D        | Found a burning altar of Makhleb.
   270 | D        | Found a sparkling altar of Nemelex Xobeh.
   271 | D        | Found an iron altar of Okawaru.
   272 | D        | Found a stormy altar of Qazlal.
   273 | D        | Found a sacrificial altar of Ru.
   274 | D        | Found a deep blue altar of Sif Muna.
   275 | D        | Found a bloodstained altar of Trog.
   276 | D        | Found a hide-covered altar of Uskayaw.
   277 | D        | Found a radiant altar of Vehumet.
   279 | D        | Found a shimmering altar of Xom.
   280 | D        | Found a basalt altar of Yredelemnul.
   281 | D        | Found a glowing silver altar of Zin.
   282 | D        | Found a glowing golden altar of the Shining One.
   286 | D        | Became a worshipper of Uskayaw the Reveler
   337 | D        | Noticed an ogre
   340 | D        | Reached * piety under Uskayaw
   346 | D        | Reached skill level 1 in Invocations
   346 | D        | Reached XP level 4. HP: 31/39 MP: 2/4
   356 | D        | Reached ** piety under Uskayaw
   357 | D        | Reached skill level 10 in Long Blades
   358 | D        | Reached *** piety under Uskayaw
   360 | D        | Reached **** piety under Uskayaw
   361 | D        | Killed an ogre
   361 | D        | Reached skill level 5 in Armour
   361 | D        | Reached skill level 5 in Shields
   361 | D        | Reached XP level 5. HP: 32/50 MP: 3/7
   478 | D        | Noticed a cyan ugly thing
   478 | D        | Noticed a wyvern
   478 | D        | Noticed a soldier ant
   478 | D        | Noticed a gargoyle
   478 | D        | Noticed an orc warrior
   488 | D        | Killed a cyan ugly thing
   488 | D        | Reached skill level 10 in Fighting
   488 | D        | Reached skill level 7 in Shields
   488 | D        | Reached XP level 6. HP: 32/66 MP: 7/9
   488 | D        | Reached XP level 7. HP: 34/72 MP: 7/10
   491 | D        | Killed a wyvern
   491 | D        | Reached skill level 8 in Shields
   494 | D        | Killed a gargoyle
   494 | D        | Reached XP level 8. HP: 36/83 MP: 7/12
   496 | D        | Reached skill level 9 in Shields
   837 | D        | Learned a level 2 spell: Blink
   851 | D        | Noticed a black mamba
   853 | D        | Killed a black mamba
   853 | D        | Reached skill level 10 in Armour
   854 | D        | Noticed a five-headed hydra
   856 | D        | Reached skill level 10 in Shields
   859 | D        | Noticed a blink frog
   862 | D        | Reached skill level 1 in Dodging
   862 | D        | Reached skill level 1 in Evocations
   870 | D        | Reached ***** piety under Uskayaw
   881 | D        | Killed a five-headed hydra
   881 | D        | Reached skill level 11 in Shields
   881 | D        | Reached XP level 9. HP: 14/90 MP: 10/15
   883 | D        | Reached skill level 10 in Invocations
   885 | D        | Reached ****** piety under Uskayaw
   890 | D        | Reached skill level 12 in Shields
   891 | D        | Reached skill level 5 in Dodging
  1216 | D        | Noticed a spiny frog
  1216 | D        | Noticed a polar bear
  1227 | D        | Noticed a spiny frog
  1229 | D        | Killed a spiny frog
  1230 | D        | Reached skill level 5 in Evocations
  1233 | D        | Killed a polar bear
  1233 | D        | Reached skill level 13 in Shields
  1233 | D        | Reached XP level 10. HP: 85/97 MP: 15/17
  1243 | D        | Killed a spiny frog
  1448 | D        | Reached skill level 14 in Shields
  1600 | D        | Noticed Joseph
  1613 | D        | Killed Joseph
  1712 | D        | Noticed an orc high priest
  1731 | D        | Killed an orc high priest
  1746 | D        | Reached skill level 15 in Shields
  1883 | D        | Noticed an orc knight
  1885 | D        | Noticed an orc knight
  1902 | D        | Killed an orc knight
  1905 | D        | Reached XP level 11. HP: 44/104 MP: 19/19
  1910 | D        | Noticed an orc high priest
  1911 | D        | Noticed an orc knight
  1919 | D        | Killed an orc knight
  1922 | D        | HP: 2/105 [orc high priest/divine providence (14)]
  1927 | D        | HP: 3/105 [orc warrior/mace (12)]
  1929 | D        | Killed an orc high priest
  1937 | D        | Slain by an orc knight

Skill      XL: |  1  2  3  4  5  6  7  8  9 10 11 |
---------------+----------------------------------+-----
Long Blades    | 5 7 9 10 12 13 | 13.7
Invocations    | 1 4 6 7 9 10 12 | 12.2
Fighting       | 6 10 11 12 | 12.6
Armour         | 5 7 9 11 | 11.2
Shields        | 5 7 8 11 13 15 | 15.0
Dodging        | 4 6 8 |  8.9
Evocations     | 3 5 7 |  7.7

Action                   |  1- 3 |  4- 6 |  7- 9 | 10-12 || total
-------------------------+-------+-------+-------+-------++-------
Melee: Long sword        |    31 |       |       |       ||    31
       Headbutt          |     6 |     2 |     8 |    32 ||    48
       Scimitar          |     9 |    23 |    40 |   123 ||   195
       Dagger            |       |       |    14 |       ||    14
Invok: Stomp             |       |       |     1 |     1 ||     2
       Grand Finale      |       |       |       |     1 ||     1
  Use: Potion            |       |     2 |     2 |     4 ||     8
 Stab: Paralysed         |       |     1 |     8 |    11 ||    20
  Eat: Chunk             |       |       |     1 |     2 ||     3
Armor: Scale mail        |    17 |       |       |       ||    17
       Chain mail        |     3 |     9 |    28 |    21 ||    61
Dodge: Dodged            |    10 |     1 |    14 |    28 ||    53
Block: Shield            |    15 |     3 |    27 |    44 ||    89
       Rpst.: Long sword |     3 |       |       |       ||     3
       Scimitar          |       |       |     1 |     9 ||    10
